 Dungeon Crawl Stone Soup version 0.18.1-48-g4cf74bf (webtiles) character file.

265 HEYYEYAAE the Chiller (level 5, -3/42 HPs)
             Began as a Draconian Ice Elementalist on Sept 2, 2016.
             Slain by a big kobold
             ... wielding a +0 short sword
              (5 damage)
             ... in a sewer.
             The game lasted 00:02:31 (1757 turns).

HEYYEYAAE the Chiller (Draconian Ice Elementalist)  Turns: 1757, Time: 00:02:32

Health: -3/42      AC:  5    Str: 10    XL:     5   Next: 99%
Magic:  4/10       EV: 12    Int: 17    God:
Gold:   170        SH:  0    Dex: 11    Spells: 1 memorised, 9 levels left

rFire  . . .     SeeInvis .     q - +1 dagger (speed)
rCold  . . .     Gourm    .     (armour unavailable)
rNeg   + . .     Faith    +     (no shield)
rPois  .         Spirit   .     (helmet restricted)
rElec  .         Dismiss  .     (no cloak)
rCorr  .         Reflect  .     (no gloves)
SustAt .         Harm     .     (no boots)
MR     .....                    k - amulet of faith
Stlth  ++........               m - ring of stealth
                                i - ring of positive energy

@: not resistant to hostile enchantments, unstealthy
A: unfitting armour, cold-blooded, AC +5
a: no special abilities


You were in a sewer.
You were not hungry.

You visited 1 branch of the dungeon, and saw 3 of its levels.
You also visited: Sewer.

You collected 170 gold pieces.

Inventory:

Hand Weapons
 g - a +0 spear
 n - a +1 dagger of flaming
 q - a +1 dagger of speed (weapon)
Jewellery
 i - a ring of positive energy (left hand)
 k - an amulet of faith (around neck)
 m - a ring of stealth (right hand)
Scrolls
 d - a scroll of fear {unknown}
 e - a scroll of enchant weapon {unknown}
 h - a scroll of remove curse {unknown}
 j - a scroll of blinking {unknown}
 l - a scroll of random uselessness {unknown}
 o - a scroll of identify {unknown}
 p - a scroll of immolation {unknown}
 s - a scroll of enchant armour {unknown}
Potions
 c - a potion of cancellation {unknown}
 f - 2 potions of heal wounds {unknown}
 r - a potion of curing {unknown}
Books
 a - a book of Frost

   Spells                             Type                      Level
   a - Freeze                         Ice                          1
   b - Throw Frost                    Conjuration/Ice              2
   c - Ozocubu's Armour               Charms/Ice                   3
   d - Throw Icicle                   Conjuration/Ice              4
   e - Summon Ice Beast               Ice/Summoning                4
Comestibles
 b - a bread ration
 t - a chunk of flesh
 u - a meat ration


   Skills:
 + Level 2.5 Fighting
 + Level 2.8 Dodging
 - Level 1.7 Stealth
 * Level 3.4 Spellcasting
   Level 1.0 Conjurations
 * Level 4.6 Ice Magic


You had 9 spell levels left.
You knew the following spells:

 Your Spells              Type           Power        Failure   Level  Hunger
a - Freeze                Ice            ###.         2%          1    None


Dungeon Overview and Level Annotations

Branches:
Dungeon (3/15)

Altars:
Vehumet


Innate Abilities, Weirdness & Mutations

Your plain brown scales are hard (AC +5).
Your body does not fit into most forms of armour.
You are cold-blooded and may be slowed by cold attacks.


Message History

You kill the ooze!
The big kobold hits you with a short sword.
* * * LOW HITPOINT WARNING * * *
Casting: Freeze
Confirm with . or Enter, or press ? or * to list all spells.
Aiming: Freeze
Press: ? - help, Shift-Dir - straight line, f - big kobold
Aim: a big kobold, wielding a short sword (heavily wounded)
You freeze the big kobold.
The big kobold is heavily wounded.
The big kobold closely misses you.
Casting: Freeze
Confirm with . or Enter, or press ? or * to list all spells.
Aiming: Freeze
Press: ? - help, Shift-Dir - straight line, f/p - big kobold
Aim: a big kobold, wielding a short sword (heavily wounded)
You freeze the big kobold.
The big kobold is severely wounded.
The big kobold hits you with a short sword.
You die...

##### #####≈≈≈≈.# ≈≈
#######≈.@K≈# ≈...
##.≈..≈≈≈###≈≈≈≈.#
..≈# #.≈≈≈≈≈.≈# #####
.≈≈####.≈≈...≈≈###≈≈≈≈
≈≈≈≈##.≈..####.≈≈≈≈#
...≈≈≈≈..## #####≈≈≈≈
≈≈≈≈≈.≈≈## ##
.≈....≈≈# ∩.≈≈.≈.≈#


You could see a big kobold.

Vanquished Creatures
  2 big kobolds (Sewer)
  Ijyb (D:2)
  A gnoll (D:1)
  2 adders
  An ooze (Sewer)
  A worm (D:2)
  6 dart slugs
  A giant gecko (D:1)
  An orc (D:2)
  4 ball pythons
  4 bats
  6 giant cockroaches
  8 goblins
  8 hobgoblins
  5 kobolds
  3 giant newts
  A rat (D:1)
55 creatures vanquished.

Vanquished Creatures (others)
  A giant gecko (D:2)
1 creature vanquished.

Grand Total: 56 creatures vanquished

Notes
Turn   | Place    | Note
--------------------------------------------------------------
     0 | D:1      | HEYYEYAAE the Draconian Ice Elementalist began the quest for the Orb.
     0 | D:1      | Reached XP level 1. HP: 14/14 MP: 3/3
   155 | D:1      | Reached XP level 2. HP: 16/22 MP: 5/5
   565 | D:1      | Reached XP level 3. HP: 14/27 MP: 4/6
   956 | D:2      | Reached skill level 1 in Fighting
   979 | D:2      | Noticed Ijyb
  1093 | D:2      | Killed Ijyb
  1093 | D:2      | Reached XP level 4. HP: 30/36 MP: 0/8
  1202 | D:2      | Found a radiant altar of Vehumet.
  1287 | D:2      | Reached skill level 4 in Ice Magic
  1549 | D:3      | Found a glowing drain.
  1573 | Sewer    | Entered a sewer
  1592 | Sewer    | Noticed a big kobold
  1630 | Sewer    | Noticed a big kobold
  1633 | Sewer    | Killed a big kobold
  1633 | Sewer    | Reached XP level 5. HP: 38/41 MP: 9/9
  1755 | Sewer    | HP: 2/42 [big kobold/short sword (5)]
  1757 | Sewer    | Slain by a big kobold

Skill      XL: |  1  2  3  4 |
---------------+-------------+-----
Dodging        | 2 |  2.8
Fighting       | 1 2 |  2.5
Ice Magic      | 4 |  4.6
Spellcasting   | 3 |  3.4
Stealth        | |  1.7
Conjurations   | |  1.0

Action                   |  1- 3 |  4- 6 || total
-------------------------+-------+-------++-------
Melee: Unarmed           |    62 |       ||    62
       Tailslap          |    18 |    18 ||    36
       Spear             |    54 |       ||    54
       Dagger            |       |   173 ||   173
 Cast: Freeze            |    24 |    11 ||    35
  Use: Scroll            |       |     1 ||     1
 Stab: Sleeping          |     5 |     2 ||     7
  Eat: Chunk             |       |     3 ||     3
Armor: Skin              |    59 |    45 ||   104
Dodge: Dodged            |   117 |    70 ||   187
